 Dungeon Crawl Stone Soup version 0.30-a0-737-gf23d94013f (webtiles) character file.

Game seed: 12622391971815179053

728 drewk1942 the Ducker (level 7, -1/52 (56) HPs)
             Began as a Gnoll Wanderer on Feb 1, 2023.
             Was an Initiate of Okawaru.
             Slain by a gnoll
             ... wielding a +2 flail of draining
             ... led by a gnoll bouda
              (4 damage)
             ... on level 5 of the Dungeon.
             The game lasted 00:07:18 (4191 turns).

drewk1942 the Ducker (Gnoll Wanderer)               Turns: 4191, Time: 00:07:19

HP:   -1/52 (56)    AC:  6    Str: 13    XL:     7   Next: 72%
MP:   11/11         EV: 15    Int:  9    God:    Okawaru [......]
Gold: 317           SH:  0    Dex: 18    Spells: 8/11 levels left

rFire   . . .      SeeInvis .    m - +5 sling "Emnepoah" {freeze, Dex+4}
rCold   . . .      Faith    .    (no shield)
rNeg    . . .      Spirit   .    s - +1 leather armour {rPois}
rPois   +          Reflect  .    (no helmet)
rElec   .          Harm     .    c - +1 cloak
rCorr   .          Rampage  .    (no gloves)
Will    .....                    (no boots)
Stlth   ++                       (no amulet)
HPRegen 0.28/turn                (no ring)
MPRegen 0.12/turn                (no ring)

@: drained
A: fangs 1, strong nose, distributed training
a: Renounce Religion


You were on level 5 of the Dungeon.
You worshipped Okawaru.
Okawaru was noncommittal.
You visited 2 branches of the dungeon, and saw 6 of its levels.

You collected 317 gold pieces.

Inventory:

Hand Weapons
 a - a +2 hand axe
 b - a +0 quarterstaff
 l - a +4 spear
 m - the +5 sling "Emnepoah" (weapon) {freeze, Dex+4}
   (You found it on level 2 of the Dungeon)

   Dex:       It affects your dexterity (+4).
 v - a +0 war axe
Missiles
 i - 8 poisoned darts
 q - 5 boomerangs
Armour
 c - a +1 cloak (worn)
 e - a +0 leather armour
 s - a +1 leather armour of poison resistance (worn)
Jewellery
 h - a ring of protection from cold
Scrolls
 g - 6 scrolls of identify {unknown}
 j - a scroll of blinking {unknown}
 p - 3 scrolls of immolation
 t - a scroll of poison {unknown}
 w - a scroll of torment {unknown}
Potions
 f - a potion of experience {unknown}
 k - a potion of magic {unknown}
 n - a potion of invisibility {unknown}
 o - a potion of heal wounds {unknown}
 u - a potion of lignification {unknown}


   Skills:
 + Level 5.4 Fighting
 + Level 2.8 Short Blades
 + Level 2.8 Long Blades
 + Level 7.1 Axes
 + Level 2.8 Maces & Flails
 + Level 2.8 Polearms
 + Level 5.4 Staves
 + Level 2.8 Ranged Weapons
 + Level 2.8 Throwing
 + Level 2.8 Armour
 + Level 7.1 Dodging
 + Level 2.8 Stealth
 + Level 2.8 Shields
 + Level 2.8 Unarmed Combat
 + Level 2.8 Spellcasting
 + Level 2.2 Conjurations
 + Level 2.2 Hexes
 + Level 2.2 Summonings
 + Level 2.2 Necromancy
 + Level 2.2 Translocations
 + Level 2.2 Transmutations
 + Level 2.2 Fire Magic
 + Level 2.2 Ice Magic
 + Level 2.2 Air Magic
 + Level 2.2 Earth Magic
 + Level 2.2 Poison Magic
 + Level 3.1 Invocations
 + Level 2.8 Evocations


You had 8 spell levels left.
You knew the following spells:

 Your Spells              Type           Power      Damage    Failure   Level
a - Frozen Ramparts       Ice            10%        1d2       43%         3

Your spell library contained the following spells:

 Spells                   Type           Power      Damage    Failure   Level
 Freeze                   Ice            20%        1d4       16%         1
 Shock                    Conj/Air       20%        1d4       16%         1
 Dazzling Flash           Conj/Hex       10%        N/A       43%         3
 Hailstorm                Conj/Ice       5%         3d4       43%         3
 Swiftness                Air            5%         N/A       43%         3
 Airstrike                Air            2%         2d(1-17)  83%         4
 Iskenderun's Mystic Bla  Conj/Tloc      5%         2d3       83%         4
 Manifold Assault         Tloc           5%         N/A       83%         4
 Passage of Golubria      Tloc           5%         N/A       83%         4
 Starburst                Conj/Fire      2%         6d3       100%        6
 Simulacrum               Ice/Necr       Unusable   N/A       N/A         6

Dungeon Overview and Level Annotations

Branches:
Dungeon (5/15)             Temple (1/1) D:5

Altars:
Ashenzari
Cheibriados
Elyvilon
Fedhas
Gozag
Hepliaklqana
Kikubaaqudgha
Makhleb
Okawaru
Qazlal
Ru
Sif Muna
Vehumet
Xom
Yredelemnul
The Shining One

Shops:
D:1 [?*


Innate Abilities, Weirdness & Mutations

You have very sharp teeth.
Your uncanny sense of smell can sniff out nearby items.
Your experience applies equally to all skills.


Message History

The gnoll bouda misses you. The gnoll barely misses you. The gnoll misses you.
Something hits you.
The gnoll bouda hits you but does no damage.
The gnoll closely misses you.
The gnoll hits you from afar with a +0 spear.
The gnoll attacks as you move away! The gnoll misses you.
The gnoll bouda attacks as you move away!
The gnoll bouda closely misses you. Something hits you.
The orc wizard gestures wildly while chanting.
The orc wizard flickers and vanishes!
Something hits you.
Your attacks no longer feel as feeble.
A magic dart appears from out of thin air!
The magic dart hits you.
The gnoll bouda prays to its god.
The gnoll bouda is healed somewhat.
The gnoll closely misses you. The gnoll barely misses you.
You hear some strange, mumbled words.
A puff of flame appears from out of thin air!
The puff of flame hits you!
* * * LOW HITPOINT WARNING * * *
The gnoll attacks as you move away!
The gnoll hits you with a +2 flail of draining.
* * * LOW HITPOINT WARNING * * *
You feel drained.
* * * LOW HITPOINT WARNING * * *
You feel better.
You hear some strange, mumbled words.
Something tries to affect you, but you resist.
A magic dart appears from out of thin air!
The magic dart hits something.
The gnoll barely misses you.
As you read the scroll labelled IXI VUOMNYAKOGH, it crumbles to dust.
The creatures around you are filled with an inner flame!
It was a scroll of immolation.
Something hits you but does no damage. The gnoll closely misses you.
The gnoll attacks as you move away!
The gnoll hits you with a +2 flail of draining!
* * * LOW HITPOINT WARNING * * *
You feel drained.
You die...

..##.
........#..#####
..... ........#..#
..... ...........###
.###. .............#
## .......#..##..#
#. ......∆
..........# ..#
..##.....
....###...# ++#
...##...## ##.....#
....#.... ##g@.#.##
#..###..#
####g.{.###
....##..###.#.....##
.....#...#.g.g.....#
#..........{.....##
##..............###
#......##......##
..............##
...#.........##


You could see a gnoll bouda (inner flame) and 3 gnolls.

Vanquished Creatures
  A water moccasin (D:4)
  A scorpion (D:4)
  A necrophage (D:4)
  A killer bee (D:5)
  2 hounds (D:5)
  3 orc priests
  3 iguanas
  8 gnolls
  7 adders
  3 worms
  A dart slug (D:3)
  4 orcs
  8 ball pythons
  9 endoplasms
  4 giant cockroaches
  5 goblins
  5 hobgoblins
  7 jackals (D:1)
  6 kobolds
  4 quokkas
  4 bats
  4 frilled lizards
  6 rats
97 creatures vanquished.

Notes
Turn   | Place    | Note
-------+----------+-------------------------------------------
     0 | D:1      | drewk1942 the Gnoll Wanderer began the quest for the Orb.
     0 | D:1      | drewk1942 set off with the following items: a +2 hand axe,
                  | a +0 quarterstaff, a +0 cloak, a potion of curing, a +0
                  | leather armour.
     0 | D:1      | Reached XP level 1. HP: 20/20 MP: 1/1
    64 | D:1      | Reached XP level 2. HP: 26/26 MP: 2/2
    99 | D:1      | Got the Secrets of the Iceberg and Locality
   118 | D:1      | Found Laynkij's Armour Emporium.
   163 | D:1      | Found Qavisk's Magic Scroll Boutique.
   386 | D:1      | Found Agowk's General Store.
   474 | D:1      | Reached XP level 3. HP: 27/31 MP: 3/3
   585 | D:2      | Reached skill level 1 in Invocations
   672 | D:2      | Found a faded altar of an unknown god.
   757 | D:2      | Reached skill level 1 in Short Blades
   757 | D:2      | Reached skill level 1 in Long Blades
   757 | D:2      | Reached skill level 1 in Maces & Flails
   757 | D:2      | Reached skill level 1 in Polearms
   757 | D:2      | Reached skill level 1 in Ranged Weapons
   757 | D:2      | Reached skill level 1 in Throwing
   757 | D:2      | Reached skill level 1 in Armour
   757 | D:2      | Reached skill level 1 in Stealth
   757 | D:2      | Reached skill level 1 in Shields
   757 | D:2      | Reached skill level 1 in Unarmed Combat
   757 | D:2      | Reached skill level 1 in Spellcasting
   757 | D:2      | Reached skill level 1 in Evocations
   842 | D:2      | Identified the +5 sling "Emnepoah" {freeze, Dex+4}
  1093 | D:2      | Reached XP level 4. HP: 38/38 MP: 5/5
  1617 | D:3      | Reached skill level 1 in Conjurations
  1617 | D:3      | Reached skill level 1 in Hexes
  1617 | D:3      | Reached skill level 1 in Summonings
  1617 | D:3      | Reached skill level 1 in Necromancy
  1617 | D:3      | Reached skill level 1 in Translocations
  1617 | D:3      | Reached skill level 1 in Transmutations
  1617 | D:3      | Reached skill level 1 in Fire Magic
  1617 | D:3      | Reached skill level 1 in Ice Magic
  1617 | D:3      | Reached skill level 1 in Air Magic
  1617 | D:3      | Reached skill level 1 in Earth Magic
  1617 | D:3      | Reached skill level 1 in Poison Magic
  1866 | D:3      | Found a snail-covered altar of Cheibriados.
  1922 | D:3      | Reached XP level 5. HP: 17/43 MP: 5/7
  2774 | D:4      | Learned a level 3 spell: Frozen Ramparts
  2871 | D:4      | Reached XP level 6. HP: 50/50 MP: 8/8
  2877 | D:4      | Reached skill level 5 in Fighting
  2877 | D:4      | Reached skill level 5 in Staves
  3056 | D:4      | Found a radiant altar of Vehumet.
  3056 | D:4      | Found a white marble altar of Elyvilon.
  3388 | D:4      | Noticed a water moccasin
  3391 | D:4      | Killed a water moccasin
  3394 | D:4      | Found a glowing golden altar of the Shining One.
  3507 | D:5      | Entered Level 5 of the Dungeon
  3511 | D:5      | Reached XP level 7. HP: 56/56 MP: 10/10
  3940 | D:5      | Found a staircase to the Ecumenical Temple.
  3965 | Temple   | Entered the Ecumenical Temple
  4026 | Temple   | Became a worshipper of Warmaster Okawaru
  4191 | D:5      | Slain by a gnoll

Illustrated notes

Levels and vault maps discovered:
D:1:      dpeg_arrival_rooms_a, layout_rooms, serial_shops, shop, shop,
          nicolae_shop_crystal
D:2:      layout_basic, ebering_ecumenical_altar_mist
D:3:      layout_basic, mainiacjoe_overflow_six_doors_small,
          gup_sewer_entry_spiral, bh_walls_and_bars
D:4:      layout_basic, nicolae_tso_swordbearing_angel,
          gammafunk_temple_overflow_elements
D:5:      layout_cave_pools, gammafunk_temple_overflow_wave,
          minmay_temple_entry_ruins, amcnicky_mini_pool_medium
Temple:   nicolae_temple_no_exploring_needed

Skill      XL: |  1  2  3  4  5  6  7 |
---------------+----------------------+-----
Invocations    | 1 2 3 |  3.1
Short Blades   | 1 2 |  2.8
Long Blades    | 1 2 |  2.8
Maces & Flails | 1 2 |  2.8
Polearms       | 1 2 |  2.8
Ranged Weapons | 1 2 |  2.8
Throwing       | 1 2 |  2.8
Armour         | 1 2 |  2.8
Stealth        | 1 2 |  2.8
Shields        | 1 2 |  2.8
Unarmed Combat | 1 2 |  2.8
Spellcasting   | 1 2 |  2.8
Evocations     | 1 2 |  2.8
Conjurations   | 1 2 |  2.2
Hexes          | 1 2 |  2.2
Summonings     | 1 2 |  2.2
Necromancy     | 1 2 |  2.2
Translocations | 1 2 |  2.2
Transmutations | 1 2 |  2.2
Fire Magic     | 1 2 |  2.2
Ice Magic      | 1 2 |  2.2
Air Magic      | 1 2 |  2.2
Earth Magic    | 1 2 |  2.2
Poison Magic   | 1 2 |  2.2
Fighting       | 5 |  5.4
Staves         | 5 |  5.4
Axes           | 7 |  7.1
Dodging        | 7 |  7.1

Action                     |  1- 3 |  4- 6 |  7- 9 || total
---------------------------+-------+-------+-------++-------
  Melee: Hand axe          |   100 |       |       ||   100
         Punch             |     1 |       |       ||     1
         Bite              |     1 |       |       ||     1
         Sling             |       |       |     2 ||     2
   Fire: Sling             |     7 |   108 |    62 ||   177
    Use: Scroll            |       |     3 |     2 ||     5
         Potion            |       |     1 |     3 ||     4
 Armour: Leather armour    |    25 |     9 |    28 ||    62
  Dodge: Dodged            |    69 |    25 |    76 ||   170

Table legend: (Time is in decaauts)
 A = Elapsed time spent in this place.
 B = Non-inter-level travel time spent in this place.
 C = Inter-level travel time spent in this place.
 D = Time resting spent in this place.
 E = Time spent auto-exploring this place.
 F = Levels seen in this place.
 G = Mean time per level.
                   A        B        C        D        E       F      G
               +--------+--------+--------+--------+--------+-----+--------+
         Total |   4288 |   4025 |    263 |     44 |   3246 |   6 |  714.7 |
       Dungeon |   4217 |   3961 |    256 |      0 |   3246 |   5 |  843.4 |
        Temple |     70 |     63 |      7 |     44 |      0 |   1 |   70.0 |
               +--------+--------+--------+--------+--------+-----+--------+

Top non-repeatable levels by time:
     D:3: 1298 daAuts
     D:4: 1255 daAuts
     D:2: 819 daAuts
     D:1: 572 daAuts
     D:5: 271 daAuts
  Temple: 70 daAuts
